 Dungeon Crawl Stone Soup version 0.21.1-1-g345015f (webtiles) character file.

277 EuclidGuy the Skirmisher (level 6, -5/56 HPs)
             Began as a Hill Orc Abyssal Knight on July 5, 2018.
             Was a Believer of Lugonu.
             Killed by divine providence
             ... invoked by an orc priest
              (10 damage)
             ... on level 5 of the Dungeon.
             The game lasted 00:21:02 (1985 turns).

EuclidGuy the Skirmisher (Hill Orc Abyssal Knight)  Turns: 1985, Time: 00:21:02

Health: -5/56      AC:  6    Str: 16    XL:     6   Next: 26%
Magic:  4/7        EV: 12    Int: 13    God:    Lugonu [**....]
Gold:   100        SH:  0    Dex: 10    Spells: 5/5 levels left

rFire    . . .     SeeInvis .   t - +5 club
rCold    . . .     Gourm    .   (no shield)
rNeg     . . .     Faith    .   u - +0 robe
rPois    .         Spirit   .   o - +1 hat
rElec    .         Reflect  .   (no cloak)
rCorr    .         Harm     .   r - +2 pair of gloves
MR       .....                  (no boots)
Stlth    +.........             k - amulet of regeneration
HPRegen  0.58/turn              (no ring)
MPRegen  0.10/turn              (no ring)

@: lethally poisoned (-5 -> -5)
A: no striking features
a: Depart the Abyss, Bend Space, Renounce Religion, Convert to Beogh


You were on level 5 of the Dungeon.
You worshipped Lugonu.
Lugonu was pleased with you.
You were not hungry.

You visited 1 branch of the dungeon, and saw 4 of its levels.
You visited the Abyss 1 time.

You collected 100 gold pieces.

Inventory:

Hand Weapons
 a - a +1 hand axe
 t - a +5 club (weapon)
Missiles
 j - 32 stones (quivered)
 m - 14 bolts
Armour
 b - a +0 leather armour
 o - a +1 hat (worn)
 r - a +2 pair of gloves (worn)
 u - a +0 robe (worn)
Jewellery
 k - an amulet of regeneration (around neck)
Scrolls
 e - a scroll of magic mapping {unknown}
 f - 3 scrolls of enchant armour {unknown}
 h - a scroll of remove curse {unknown}
 i - 4 scrolls of fog {unknown}
 p - a scroll of teleportation {unknown}
 q - a scroll of enchant weapon {unknown}
Potions
 g - a potion of curing
 s - a potion of ambrosia {unknown}
 v - a potion of magic {unknown}
Comestibles
 c - 6 rations


   Skills:
 + Level 5.2 Fighting
 - Level 5.0(5.2) Axes
 + Level 1.4(3.0) Maces & Flails
 + Level 2.7 Armour
 + Level 2.3 Dodging
 - Level 0.6 Stealth
 * Level 0.3 Spellcasting
 + Level 2.4 Invocations


You had 5 spell levels left.
You didn't know any spells.

Dungeon Overview and Level Annotations

Branches:
Dungeon (3/15)

Altars:

Annotations:
D:2 Terence


Message History

You kill the orc priest!
Lugonu accepts your kill.
The worker ant bites you but does no damage.
The worker ant bites you.
You are poisoned.
The worker ant poisons you!
You feel sick. The worker ant bites you!
* * * LOW HITPOINT WARNING * * *
You see here a leather armour.
Okay, then.
Unknown command.
Okay, then.
Space bends around you!
You blink.
You feel sick.
The orc priest miscasts a cantrip.
Space bends around you!
You blink.
You feel sick. The worker ant closely misses you.
The orc hits you but does no damage. Space bends around you!
You blink.
The orc priest calls down the wrath of Beogh upon you.
Beogh smites you!
You die...

#########
#.......###
#....§o...#
#......o#[#
#....oa§#)#
#.@.....#.#
#########.#
#.# #.# #.#
#.# ## #.#
#. #.####
#.
#....#####.


You could see a worker ant, an orc priest and 2 orcs.

Vanquished Creatures
  A howler monkey (D:5)
  A crimson imp (D:2)
  A centaur skeleton (D:5)
  An orc priest (D:5)
  Jessica (D:2)
  An orc wizard (D:5)
  A worker ant (D:5)
  A shadow imp (D:5)
  An ooze (D:1)
  2 leopard geckos
  4 giant cockroaches
  7 goblins
  7 hobgoblins
  8 jackals
  2 quokkas (D:5)
  8 bats
  5 frilled lizards
  4 kobolds
  A quokka zombie (D:5)
  4 rats
61 creatures vanquished.

Notes
Turn   | Place    | Note
-------+----------+-------------------------------------------
     0 | Abyss:1  | EuclidGuy the Hill Orc Abyssal Knight began the quest for the Orb.
     0 | Abyss:1  | Reached XP level 1. HP: 19/19 MP: 2/2
     2 | Abyss:1  | Found a corrupted altar of Lugonu.
    51 | Abyss:1  | Noticed a small abomination
    59 | Abyss:1  | Noticed a raiju
    62 | D:1      | Escaped the Abyss
   313 | D:1      | Reached * piety under Lugonu
   364 | D:1      | Reached XP level 2. HP: 27/27 MP: 3/3
   582 | D:1      | Reached XP level 3. HP: 34/34 MP: 4/4
   886 | D:1      | Reached skill level 1 in Dodging
  1337 | D:2      | Reached ** piety under Lugonu
  1337 | D:2      | Reached XP level 4. HP: 41/41 MP: 5/5
  1382 | D:2      | Noticed Jessica
  1389 | D:2      | Killed Jessica
  1506 | D:2      | Reached XP level 5. HP: 47/47 MP: 6/6
  1592 | D:2      | Noticed Terence
  1695 | D:3      | You fall through a shaft for 2 floors!
  1695 | D:5      | Entered Level 5 of the Dungeon
  1793 | D:5      | Reached skill level 5 in Axes
  1800 | D:5      | Reached skill level 5 in Fighting
  1800 | D:5      | Reached skill level 1 in Maces & Flails
  1818 | D:5      | Reached XP level 6. HP: 33/56 MP: 7/7
  1985 | D:5      | Killed from afar by an orc priest

Skill      XL: |  1  2  3  4  5 |
---------------+----------------+-----
Fighting       | 4 5 |  5.2
Axes           | 3 4 5 |  5.0
Dodging        | 1 2 |  2.3
Maces & Flails | 1 |  1.4
Armour         | |  2.7
Stealth        | |  0.6
Spellcasting   | |  0.3
Invocations    | |  2.4

Action                   |  1- 3 |  4- 6 || total
-------------------------+-------+-------++-------
Melee: Hand axe          |   228 |    40 ||   268
       Club              |       |    60 ||    60
Throw: Stone             |     6 |       ||     6
Invok: Depart the Abyss  |     1 |       ||     1
       Bend Space        |       |     3 ||     3
  Use: Scroll            |     1 |     3 ||     4
       Potion            |       |     3 ||     3
  Eat: Chunk             |       |     2 ||     2
       Ration            |       |     1 ||     1
Armor: Leather armour    |   104 |     9 ||   113
       Robe              |       |    23 ||    23
Dodge: Dodged            |   180 |    75 ||   255
